 Dungeon Crawl Stone Soup version 0.27-a0-1448-g9c78c815f3 (webtiles) character file.

Game seed: 5089948566030507995

23 Froggeryz the Slasher (level 2, -5/37 HPs)
             Began as a Barachi Berserker on July 5, 2021.
             Was a Follower of Trog.
             Slain by Natasha (9 damage)
             ... on level 2 of the Dungeon.
             The game lasted 00:00:39 (1110 turns).

Froggeryz the Slasher (Barachi Berserker)           Turns: 1110, Time: 00:00:40

Health: -5/37      AC:  3    Str: 18    XL:     2   Next: 95%
Magic:  2/2        EV: 12    Int:  7    God:    Trog [*.....]
Gold:   68         SH:  0    Dex: 11    Spells: 1/1 levels left

rFire    . . .     SeeInvis .   a - +0 falchion
rCold    . . .     Faith    .   (no shield)
rNeg     . . .     Spirit   .   d - +0 leather armour
rPois    .         Reflect  .   (no helmet)
rElec    .         Harm     .   (no cloak)
rCorr    .         Rampage  .   (no gloves)
Will     .....                  (no boots)
Stlth    ..........             (no amulet)
HPRegen  0.12/turn              (no ring)
MPRegen  0.08/turn              (no ring)

@: berserking, slowed, slow
A: amphibious, slowness 1, strong legs 1, +LOS
a: Hop, Renounce Religion, Berserk


You were on level 2 of the Dungeon.
You worshipped Trog.
Trog was aware of your devotion.
You visited 1 branch of the dungeon, and saw 2 of its levels.

You collected 68 gold pieces.

Inventory:

Hand Weapons
 a - a +0 falchion (weapon)
Armour
 d - a +0 leather armour (worn)
Scrolls
 b - a scroll of fear {unknown}
 c - a scroll of enchant armour {unknown}


   Skills:
 + Level 4.1 Fighting
 * Level 4.5 Long Blades
 - Level 2.4 Armour
 - Level 2.1 Dodging


You had one spell level left.
You didn't know any spells.
Your spell library was empty.

Dungeon Overview and Level Annotations

Branches:
Dungeon (2/15)

Altars:

Annotations:
D:2 Natasha, Sigmund


Innate Abilities, Weirdness & Mutations

You are amphibious.
You cover ground slowly.
You can hop short distances.
You have an extended range of vision and can be seen from far away.


Message History

There are monsters nearby!
Natasha claws you! Natasha barely misses you.
You barely miss Natasha. Natasha barely misses you.
You riposte.
You closely miss Natasha. You barely miss Natasha.
Natasha stares at you and mumbles some strange words.
The magic dart hits you.
A red film seems to cover your vision as you go berserk!
You feel yourself moving faster!
You feel mighty!
The endoplasm hits you but does no damage.
Natasha barely misses you.
You riposte.
You closely miss Natasha. You closely miss Natasha. The endoplasm freezes you.
You are frozen.
* * * LOW HITPOINT WARNING * * *
Natasha misses you.
You closely miss Natasha. The endoplasm freezes you.
You are frozen.
* * * LOW HITPOINT WARNING * * *
Natasha stares at you and mumbles some strange words.
You feel yourself slow down.
You miss Natasha. The endoplasm completely misses you.
You riposte.
You barely miss the endoplasm. Natasha barely misses you.
You closely miss Natasha.
The endoplasm hits you but does no damage.
Natasha claws you.
* * * LOW HITPOINT WARNING * * *
You slash Natasha!
Natasha is heavily wounded.
The endoplasm closely misses you.
Natasha casts a spell.
You barely miss Natasha.
Natasha is heavily wounded.
The endoplasm freezes you.
You are frozen.
* * * LOW HITPOINT WARNING * * *
Natasha claws you!
You die...

####
#.......##..#
#.#.#.#.....#
.#####
#........#...
..[...##.#.#.#.##
#..........#
###..#.#.#..#
##...........
###.J##.##.###..
#...h@#....# #.
#.#.#.####.#
#.....5(.# ..
###..#.#.# #
#......# #....###
#####


You could see Natasha, a crimson imp (summoned) and an endoplasm.

Vanquished Creatures
  2 dart slugs
  A bat (D:1)
  2 endoplasms (D:2)
  2 giant cockroaches (D:1)
  3 hobgoblins
  2 quokkas (D:1)
  A ball python (D:1)
  A frilled lizard (D:1)
  3 rats (D:1)
17 creatures vanquished.

Notes
Turn   | Place    | Note
-------+----------+-------------------------------------------
     0 | D:1      | Froggeryz the Barachi Berserker began the quest for the
                  | Orb.
     0 | D:1      | Reached XP level 1. HP: 18/18 MP: 1/1
   267 | D:1      | Reached XP level 2. HP: 6/25 MP: 2/2
   845 | D:2      | Noticed Sigmund
  1098 | D:2      | Noticed Natasha
  1110 | D:2      | Noticed a crimson imp
  1110 | D:2      | Slain by Natasha

Illustrated notes

Levels and vault maps discovered:
D:1:      dpeg_arrival_tiny_b, layout_rooms, minmay_domino_4
D:2:      layout_loops_ring, basic_altar, serial_co_window_serial,
          co_window_paths_a, co_window_of_opportunity_a, co_window_corner_a,
          co_window_of_opportunity_a, co_window_of_opportunity_a,
          co_window_paths_c, co_window_2corner, co_window_unsneaky_path_b,
          co_window_paths_d, co_window_sun, glass_columns_a, glass_columns_a,
          glass_columns_b, serial_shops, nicolae_shop_stone, uniq_sigmund,
          uniq_natasha, uniq_jessica

Skill      XL: |  1  2 |
---------------+-------+-----
Long Blades    | 4 |  4.5
Fighting       | 4 |  4.1
Armour         | |  2.4
Dodging        | |  2.1

Action                   || total
-------------------------++-------
Melee: Falchion          ||    56
Invok: Berserk           ||     1
Armor: Leather armour    ||    14
       Animal skin       ||     2
Dodge: Dodged            ||    41
       Rpst.: Falchion   ||    14

Table legend: (Time is in decaauts)
 A = Elapsed time spent in this place.
 B = Non-inter-level travel time spent in this place.
 C = Inter-level travel time spent in this place.
 D = Time resting spent in this place.
 E = Time spent auto-exploring this place.
 F = Levels seen in this place.
 G = Mean time per level.
                   A        B        C        D        E       F      G
               +--------+--------+--------+--------+--------+-----+--------+
         Total |   1244 |   1178 |     66 |    229 |    823 |   2 |  622.0 |
       Dungeon |   1244 |   1178 |     66 |    229 |    823 |   2 |  622.0 |
               +--------+--------+--------+--------+--------+-----+--------+

Top non-repeatable levels by time:
     D:1: 900 daAuts
     D:2: 344 daAuts
